 Dungeon Crawl Stone Soup version 0.13.0-19-g8e0b589 (webtiles) character file.

14748 Malachi the Basher (level 11, -7/98 HPs)
             Began as a Deep Dwarf Berserker on Oct 24, 2013.
             Was an Elder of Trog.
             Succumbed to poison (a potion of strong poison)
             ... on Level 12 of the Dungeon.
             The game lasted 00:40:28 (10608 turns).

Malachi the Basher (Deep Dwarf Berserker)          Turns: 10608, Time: 00:40:29

HP  -7/98        AC 12     Str 30      XL: 11   Next: 84%
MP  12/12        EV  6     Int  7      God: Trog [****..]
Gold 669         SH 30     Dex 12      Spells:  0 memorised, 10 levels left

Res.Fire  : . . .   See Invis. : .   a - +2,+0 dwarf mace
Res.Cold  : . . .   Warding    : .   G - -1 orc plate armour
Life Prot.: . . .   Conserve   : .   y - +1 dwarf shield
Res.Poison: .       Res.Corr.  : .   (no helmet)
Res.Elec. : .       Clarity    : .   (no cloak)
Sust.Abil.: . .     Spirit.Shd : .   (no gloves)
Res.Mut.  : .       Stasis     : .   (no boots)
Res.Rott. : .       Flight     : .   (no amulet)
Saprovore : . . .                    g - +2 ring of strength
                                     n - cursed +3 ring of strength

@: non-regenerating, exhausted, extremely poisoned, slowed, very slow, quite
resistant to hostile enchantments, extremely unstealthy
A: damage resistance, recharge devices, sense surroundings 2, slow healing 3
a: Device Recharging, Burn Spellbooks, Berserk, Trog's Hand, Brothers in Arms,
Renounce Religion


You were on level 12 of the Dungeon.
You worshipped Trog.
Trog was greatly pleased with you.
You were not hungry.

You visited 1 branch of the dungeon, and saw 12 of its levels.

You collected 686 gold pieces.
You spent 37 gold pieces at shops.

Inventory:

Hand weapons
 a - a +2,+0 dwarven mace (weapon)
 u - the +7,+3 sabre "Kiavinn" {slice, +Inv rN+}
   (You found it on level 9 of the Dungeon)

   It inflicts extra damage upon your enemies.
   It protects you from negative energy.
   It lets you turn invisible.
 E - a -1,+1 orcish flail
 M - a +0,+0 orcish morningstar
Missiles
 R - 4 curare-tipped needles
Armour
 y - a +1 dwarven shield (worn)
 G - a -1 orcish plate armour (worn)
Magical devices
 b - a wand of polymorph (10)
 c - a wand of heal wounds (2)
 s - a wand of enslavement (6)
 v - a wand of frost (11)
 B - a wand of fire (8)
 F - a wand of enslavement (5)
 H - a wand of flame (2)
 O - a wand of confusion (0)
 P - a wand of cold (2)
 S - a wand of polymorph (10)
Comestibles
 d - 4 bread rations
 f - 2 meat rations
Scrolls
 l - a scroll of identify
 q - 2 scrolls of remove curse
 r - 3 scrolls of enchant weapon I
 x - a scroll of fear
 A - 5 scrolls of teleportation
 C - 2 scrolls of magic mapping
 N - a scroll of fog
Jewellery
 g - a +2 ring of strength (right hand)
 k - an uncursed ring of fire
 n - a cursed +3 ring of strength (left hand)
 o - an uncursed ring of fire
 p - an uncursed ring of protection from cold
 t - an uncursed ring of protection from cold
 I - an uncursed ring of protection from cold
 J - a cursed ring of teleportation
Potions
 h - a potion of restore abilities
 i - 2 potions of agility
 w - a potion of cure mutation
 z - a potion of magic
 D - a potion of flight


   Skills:
 + Level 6.6 Fighting
 * Level 12.2 Maces & Flails
 + Level 8.3 Armour
 + Level 6.2 Dodging
 + Level 11.0 Shields
 + Level 1.9 Evocations


You had 10 spell levels left.
You didn't know any spells.

Dungeon Overview and Level Annotations

Branches:
Dungeon (12/27)            Temple (0/1) D:6             Orc (0/4) D:9
   Lair (0/8) D:8

Altars:
Fedhas
Okawaru
Yredelemnul
Zin
the Shining One

Shops:
D:12 [

Portals:
Ziggurat: D:12 (3130 gp)


Innate Abilities, Weirdness & Mutations

You are resistant to damage.
You can recharge devices by infusing magical energy.
You passively map the area around you.
You do not heal naturally.


Message History

You kill the spiny worm!
Trog accepts your kill.
Your Shields skill increases to level 11!
* * * LOW HITPOINT WARNING * * *
You feel very sick.
You are no longer berserk.
You are exhausted.
You feel yourself slow down.
You see here a spiny worm corpse.
You see here a spiny worm corpse.
You offer a prayer to Trog.
The spiny worm corpse is consumed in a column of flame.
Trog is greatly pleased with you.
Drink which item? (? for menu, Esc to quit)
That liquid tasted extremely nasty...
You are more poisoned.
It was a potion of strong poison.
* * * LOW HITPOINT WARNING * * *
You feel very sick.
You feel a little better.
You die...

######## ###..(...#
######........# #####
#...##........# #...# #
######...##....##### #...# #
...............############...###
................@................
......###....################...#
......# #....##### #.# #...#
##....# ####.....# ##.## #...#
#...## ###...# ###...# #####
#...# #...# #.....# ##.##
#...###.....# #...# ##...##....##
#...# #...#####.#


There were no monsters in sight!

Vanquished Creatures
  Fannar (D:10)
  Harold (D:11)
  Urug (D:10)
  3 hill giants
  A cyclops (D:11)
  2 slime creatures (D:12)
  A spiny worm (D:12)
  Psyche (D:11)
  Grinder (D:3)
  2 trolls
  Sonja (D:11)
  Prince Ribbit (D:8)
  A hydra skeleton (D:12)
  A basilisk (D:12)
  3 yaks (D:10)
  A hungry ghost (D:7)
  2 wolves (D:8)
  A manticore (D:11)
  Edmund (D:8)
  2 necrophages (D:8)
  A yellow wasp (D:9)
  5 sky beasts
  4 ice beasts
  6 orc warriors
  4 giant goldfish (D:8)
  3 phantoms
  8 ogres
  A black bear (D:11)
  5 centaurs
  Duvessa (D:9)
  5 giant frogs
  A water moccasin (D:8)
  2 big kobolds
  Blork the orc (D:7)
  A warg (D:9)
  2 wyvern zombies
  2 yak zombies
  4 electric eels (D:8)
  6 killer bees
  2 jellyfish (D:8)
  Dowan (D:9)
  A centaur zombie (D:9)
  A goliath beetle (D:11)
  12 crimson imps
  A giant frog zombie (D:12)
  6 orc priests
  3 giant frog skeletons
  7 hounds
  A centaur skeleton (D:9)
  A jelly (D:8)
  An iguana (D:6)
  7 worker ants
  A gnoll shaman (D:3)
  7 orc wizards
  6 scorpions
  A two-headed ogre skeleton (D:12)
  Jessica (D:3)
  A crocodile skeleton (D:9)
  Terence (D:2)
  A mummy (D:10)
  A worker ant zombie (D:6)
  14 adders
  6 gnolls
  4 worms
  An adder zombie (D:5)
  An adder skeleton (D:6)
  An iguana skeleton (D:5)
  2 giant eyeballs (D:6)
  10 giant geckos
  2 oozes
  47 orcs
  4 ball pythons
  5 giant cockroaches
  12 goblins
  14 hobgoblins
  15 jackals
  6 quokkas
  11 bats
  4 giant newts
  2 hobgoblin skeletons
  A hobgoblin zombie (D:8)
  27 kobolds
  13 rats
  7 ballistomycetes (D:6)
363 creatures vanquished.

Vanquished Creatures (others)
  A hound (D:8)
  A giant spore (D:6)
2 creatures vanquished.

Grand Total: 365 creatures vanquished

Notes
Turn   | Place    | Note
--------------------------------------------------------------
     0 | D:1      | Malachi, the Deep Dwarf Berserker, began the quest for the Orb.
     0 | D:1      | Reached XP level 1. HP: 21/21 MP: 0/0
   126 | D:1      | Reached XP level 2. HP: 16/28 MP: 1/1
   741 | D:1      | Acquired Trog's second power
  1120 | D:2      | Reached XP level 3. HP: 34/36 MP: 2/2
  1328 | D:2      | Reached skill level 4 in Maces & Flails
  1563 | D:2      | Found a basalt altar of Yredelemnul.
  1586 | D:2      | Reached XP level 4. HP: 26/43 MP: 3/3
  2132 | D:2      | Noticed Terence
  2146 | D:2      | Killed Terence
  2311 | D:2      | Reached XP level 5. HP: 39/50 MP: 4/4
  2785 | D:3      | Noticed Jessica
  2794 | D:3      | Killed Jessica
  2794 | D:3      | Reached skill level 5 in Maces & Flails
  2825 | D:3      | Reached skill level 1 in Shields
  2970 | D:3      | Reached XP level 6. HP: 50/57 MP: 5/5
  3035 | D:3      | Noticed Grinder
  3037 | D:3      | Paralysed by Grinder for 2 turns
  3042 | D:3      | Killed Grinder
  3378 | D:3      | Found an iron altar of Okawaru.
  3378 | D:3      | Found a blossoming altar of Fedhas.
  3475 | D:4      | Reached XP level 7. HP: 41/64 MP: 6/6
  3571 | D:4      | Reached skill level 6 in Maces & Flails
  4036 | D:4      | Acquired Trog's third power
  4105 | D:5      | Entered Level 5 of the Dungeon
  4777 | D:6      | Reached XP level 8. HP: 73/73 MP: 7/7
  4920 | D:6      | Paralysed by a giant eyeball for 4 turns
  4929 | D:6      | Paralysed by a giant eyeball for 4 turns
  4949 | D:6      | Reached skill level 7 in Maces & Flails
  5129 | D:6      | Found a glowing golden altar of the Shining One.
  5208 | D:6      | Reached skill level 5 in Armour
  5303 | D:6      | Reached skill level 5 in Shields
  5308 | D:6      | Found a staircase to the Ecumenical Temple.
  5515 | D:6      | Paralysed by a giant eyeball for 3 turns
  5559 | D:6      | Paralysed by a giant eyeball for 2 turns
  5565 | D:6      | Paralysed by a giant eyeball for 4 turns
  5898 | D:7      | Noticed Blork the orc
  5909 | D:7      | Killed Blork the orc
  5909 | D:7      | Reached skill level 8 in Maces & Flails
  5946 | D:7      | Found a glowing silver altar of Zin.
  5986 | D:7      | Gained mutation: You passively map the area around you. [level up]
  5986 | D:7      | Reached XP level 9. HP: 66/79 MP: 9/9
  6634 | D:8      | Reached skill level 9 in Maces & Flails
  6876 | D:8      | Reached skill level 5 in Dodging
  6885 | D:8      | Found a staircase to the Lair.
  7004 | D:8      | Reached skill level 1 in Evocations
  7044 | D:8      | Noticed Edmund
  7053 | D:8      | Killed Edmund
  7053 | D:8      | Reached skill level 5 in Fighting
  7132 | D:8      | Noticed Prince Ribbit
  7151 | D:8      | Killed Prince Ribbit
  7197 | D:8      | Reached XP level 10. HP: 75/88 MP: 11/11
  7487 | D:8      | Reached skill level 10 in Maces & Flails
  7562 | D:9      | Noticed Dowan
  7570 | D:9      | Noticed Duvessa
  7579 | D:9      | Killed Duvessa
  7582 | D:9      | Killed Dowan
  7798 | D:9      | Got an ichor-stained sabre
  7799 | D:9      | Identified the sabre "Kiavinn" {slice, +Inv rN+} (You found it on level 9 of the Dungeon)
  8084 | D:9      | Found a staircase to the Orcish Mines.
  8494 | D:10     | Entered Level 10 of the Dungeon
  8559 | D:10     | Noticed Fannar
  8590 | D:10     | Killed Fannar
  8743 | D:10     | Reached skill level 11 in Maces & Flails
  8743 | D:10     | Reached XP level 11. HP: 76/96 MP: 12/12
  8807 | D:10     | Noticed Urug
  8846 | D:10     | Killed Urug
  9112 | D:11     | Noticed Psyche
  9129 | D:11     | Killed Psyche
  9176 | D:11     | Noticed Harold
  9190 | D:11     | Killed Harold
  9190 | D:11     | Reached skill level 10 in Shields
  9315 | D:11     | Noticed a hill giant
  9330 | D:11     | Killed a hill giant
  9662 | D:11     | Noticed Sonja
  9737 | D:11     | Paralysed by Sonja for 6 turns
  9753 | D:11     | Killed Sonja
 10053 | D:12     | Found Lum Urph's Armour Shoppe.
 10072 | D:12     | Bought a +0 orcish winged helmet for 37 gold pieces
 10120 | D:12     | Found a gateway to a ziggurat.
 10226 | D:12     | Noticed a hill giant
 10233 | D:12     | Killed a hill giant
 10464 | D:12     | Reached skill level 12 in Maces & Flails
 10482 | D:12     | Noticed a hill giant
 10482 | D:12     | a slime creature changed into a hill giant
 10498 | D:12     | Killed a hill giant
 10511 | D:12     | HP: 4/98 [acid (5)]
 10608 | D:12     | Succumbed to poison (a potion of strong poison)

Action                   |  1- 3 |  4- 6 |  7- 9 | 10-12 || total
-------------------------+-------+-------+-------+-------++-------
Melee: Mace              |    96 |   207 |   644 |   652 ||  1599
       Morningstar       |       |       |       |    85 ||    85
Invok: Trog's Hand       |     3 |     3 |    16 |    19 ||    41
       Berserk           |     2 |     3 |    13 |    20 ||    38
 Abil: Device Recharging |       |       |       |     1 ||     1
Evoke: Wand              |     1 |       |     5 |    16 ||    22
  Use: Scroll            |       |    15 |     9 |    13 ||    37
       Potion            |       |     1 |     5 |    12 ||    18
 Stab: Invisible         |       |       |     2 |     1 ||     3
